 Dungeon Crawl Stone Soup version 0.17.1-3-g152610e (webtiles) character file.

10507 Gargoyl the Protected (level 11, -1/75 HPs)
             Began as a Demonspawn Abyssal Knight on Apr 12, 2016.
             Was a High Priest of Lugonu.
             Killed from afar by a fire dragon (25 damage)
             ... with a blast of flame
             ... on level 2 of the Lair of Beasts.
             The game lasted 00:26:30 (10384 turns).

Gargoyl the Protected (Demonspawn Abyssal Knight)  Turns: 10384, Time: 00:26:30

Health: -1/75      AC: 39    Str: 22    XL:     11   Next: 37%
Magic:  15/15      EV:  9    Int: 18    God:    Lugonu [*****.]
Gold:   420        SH:  7    Dex: 12    Spells: 0 memorised, 10 levels left

rFire  . . .     SeeInvis .     b - +0 broad axe
rCold  + + .     Clarity  +     y - +8 orange crystal plate armour {Archmagi, Int+3 Clar SustAt}
rNeg   . . .     SustAt   +     t - +2 buckler "Dicretz" {Regen+}
rPois  .         Gourm    .     p - +1 helmet
rElec  .         Spirit   .     d - +2 cloak
rCorr  .         Warding  .     e - +2 pair of gloves
rMut   .         Stasis   .     (no boots)
MR     .....                    i - amulet of faith
Stlth  ..........               h - +2 ring of strength
                                k - ring of protection from cold

@: mighty, not resistant to hostile enchantments, extremely unstealthy
A: hooves 2, repulsion field 2, berserk 1, cold resistance 1, frail 1, spiny 1
a: Depart the Abyss, Bend Space, Banish, Corrupt, Enter the Abyss, Renounce
Religion


You were on level 2 of the Lair of Beasts.
You worshipped Lugonu.
Lugonu was extremely pleased with you.
You were not hungry.

You visited 2 branches of the dungeon, and saw 11 of its levels.
You visited the Abyss 1 time.
You also visited: Bailey.

You collected 420 gold pieces.

Inventory:

Hand Weapons
 b - a +0 broad axe (weapon)
 j - a +0 spear
 r - a +0 flail of venom
Armour
 d - a +2 cloak (worn)
 e - a +2 pair of gloves (worn)
 p - a +1 helmet (worn)
 t - the +2 buckler "Dicretz" (worn) {Regen+}
   (You found it on level 1 of the Lair of Beasts)

   It increases your rate of regeneration.
 y - the +8 orange crystal plate armour (worn) {Archmagi, Int+3 Clar SustAt}
   (You found it on level 5 of the Dungeon)

   It affects your intelligence (+3).
   It sustains your strength, intelligence and dexterity.
   It protects you against confusion.
 z - a +2 hat
Jewellery
 h - a +2 ring of strength (right hand)
 i - an amulet of faith (around neck)
 k - a ring of protection from cold (left hand)
 C - an uncursed ring of ice
Wands
 u - a wand of magic darts (27)
 x - a wand of slowing (30)
 A - a wand of teleportation (4)
 B - a wand of magic darts (8)
 F - a wand of flame (31)
Scrolls
 f - 2 scrolls of remove curse
 m - a scroll of magic mapping
 D - a scroll of noise {unknown}
Potions
 a - a potion of haste
 l - a potion of invisibility {unknown}
 o - a potion of brilliance
 v - 3 potions of flight {unknown}
Comestibles
 c - 10 bread rations
 g - a royal jelly
 n - 2 meat rations
 q - 2 slices of pizza
 s - a fruit
 E - 6 chunks of flesh


   Skills:
 + Level 7.5 Fighting
 + Level 6.6 Axes
 + Level 0.3(4.1) Maces & Flails
 + Level 1.0 Throwing
 * Level 11.7 Armour
 + Level 3.9 Dodging
 + Level 1.5 Stealth
 + Level 4.5 Shields
 + Level 5.3 Invocations
 + Level 1.1 Evocations


You had 10 spell levels left.
You didn't know any spells.

Dungeon Overview and Level Annotations

Branches:
Dungeon (9/15)             Temple (0/1) D:6            Lair (2/8) D:9
    Orc: D:9-12

Altars:
Cheibriados
Dithmenos
Makhleb
Nemelex Xobeh
Ru
Sif Muna
Yredelemnul
Zin

Shops:
D:4 ?   D:6 }

Annotations:
Lair:1 exclusion: oklob plant
Abyss:1 Erolcha


Innate Abilities, Weirdness & Mutations

You have hoof-like feet.
You are surrounded by a moderate repulsion field (EV +3).
Your flesh is cold resistant.
You are partially covered in sharp spines.
You tend to lose your temper in combat.
You are frail (-10% HP).


Message History

The fire dragon breathes flames at you. The blast of flame hits you!
Unknown command.
Drink which item? (? for menu, Esc to quit)
You feel very mighty all of a sudden.
The fire dragon is struck by your spines.
The fire dragon bites you but does no damage.
The fire dragon claws you.
* * * LOW HITPOINT WARNING * * *
The fire dragon tramples you but does no damage.
You closely miss the fire dragon.
The fire dragon is moderately wounded.
You block the fire dragon's attack.
The fire dragon claws you but does no damage.
The fire dragon misses you.
You slash the fire dragon!
The fire dragon is heavily wounded.
The fire dragon breathes flames at you. The blast of flame hits you!
You die...

#.####.##.....##.
#.# #........##.
#.# ####......#.
##.# #......##
#..# #.[.....#
#.## #........
#.# #..####..
##.# #.#####..
#.@# #####....
##.D## #....#.#
##....##
##.....##
#......# #.....##
#......# #.....##
#..?....#
#...##.#
#........#
##P#####
#§§§.....# ##
#§§§.....#


You could see a fire dragon.

Vanquished Creatures
  A hydra (Lair:2)
  An orc knight (D:8)
  Pikel (D:8)
  An elephant (D:9)
  A centaur skeleton (D:9)
  A komodo dragon (Lair:1)
  The ghost of smzp the Ruffian, an amateur TrTm of Vehumet (D:4)
  A troll (D:9)
  5 blink frogs (Lair:1)
  A shadow (D:9)
  Sigmund (D:6)
  3 hippogriffs (Lair:1)
  3 hungry ghosts
  Grum (Lair:1)
  A water moccasin (D:7)
  4 wolves
  3 porcupines
  2 ice beasts
  An orc warrior (D:6)
  2 black bears
  2 phantoms
  6 ogres
  2 sky beasts (D:7)
  2 centaurs
  4 slaves (D:8)
  3 crocodiles
  A big kobold (D:9)
  5 giant frogs
  4 scorpions
  5 wights (D:7)
  3 orc priests
  A crimson imp (D:7)
  5 hounds
  A quasit (D:7)
  A giant frog zombie (D:9)
  A jelly (D:5)
  Crazy Yiuf (D:2)
  A giant frog skeleton (D:9)
  8 worker ants
  4 orc wizards
  A sheep (D:9)
  A hound zombie (D:5)
  A worker ant zombie (D:9)
  Robin (D:2)
  A gnoll (Bailey)
  16 adders
  8 river rats (Lair:2)
  An ooze (D:5)
  An adder skeleton (D:9)
  An adder zombie (D:6)
  A worm (D:2)
  A giant gecko (D:5)
  22 orcs
  3 giant cockroaches
  13 hobgoblins
  7 jackals
  2 bats
  3 giant newts (D:1)
  7 goblins
  15 kobolds
  2 quokkas
  A quokka skeleton (D:9)
  7 rats
211 creatures vanquished.

Vanquished Creatures (others)
  The ghost of SirMumm the Basher, a novice GrFi of Cheibriados (Bailey)
  An orc wizard (D:7)
  A fungus (Lair:1)
3 creatures vanquished.

Grand Total: 214 creatures vanquished

Notes
Turn   | Place    | Note
--------------------------------------------------------------
     0 | Abyss:1  | Gargoyl the Demonspawn Abyssal Knight began the quest for the Orb.
     0 | Abyss:1  | Reached XP level 1. HP: 18/18 MP: 2/2
    51 | Abyss:2  | Noticed a tentacled monstrosity
    75 | D:1      | Escaped the Abyss
   233 | D:1      | Reached * piety under Lugonu
   278 | D:1      | Gained mutation: You are surrounded by a mild repulsion field (EV +2). [demonic ancestry]
   278 | D:1      | Reached XP level 2. HP: 24/24 MP: 3/3
   592 | D:1      | Reached skill level 1 in Dodging
  1104 | D:2      | Reached XP level 3. HP: 29/29 MP: 4/4
  1125 | D:2      | Reached ** piety under Lugonu
  1282 | D:2      | Noticed Robin
  1310 | D:2      | Killed Robin
  1326 | D:2      | Gained mutation: Your flesh is cold resistant. [demonic ancestry]
  1326 | D:2      | Reached XP level 4. HP: 29/37 MP: 6/6
  1721 | D:2      | Noticed Crazy Yiuf
  1732 | D:2      | Paralysed by Crazy Yiuf for 4 turns
  1740 | D:2      | Killed Crazy Yiuf
  2375 | D:3      | Gained mutation: You have large cloven feet. [demonic ancestry]
  2375 | D:3      | Reached XP level 5. HP: 15/42 MP: 7/7
  2376 | D:3      | Reached skill level 4 in Fighting
  2683 | D:3      | Reached *** piety under Lugonu
  2683 | D:3      | Reached skill level 1 in Stealth
  3130 | D:3      | Gained mutation: You are partially covered in sharp spines. [demonic ancestry]
  3130 | D:3      | Reached XP level 6. HP: 46/48 MP: 8/8
  3131 | D:3      | Found a burning altar of Makhleb.
  3227 | D:3      | Found a basalt altar of Yredelemnul.
  3228 | D:3      | Found a snail-covered altar of Cheibriados.
  3326 | D:4      | Noticed smzp's ghost (amateur TrTm)
  3338 | D:4      | Killed smzp's ghost
  3338 | D:4      | Reached XP level 7. HP: 20/54 MP: 9/9
  3376 | D:4      | Found Vularoff's Magic Scroll Emporium.
  3606 | D:4      | Reached skill level 5 in Armour
  3935 | D:5      | Entered Level 5 of the Dungeon
  4459 | D:5      | Reached skill level 6 in Armour
  4560 | D:6      | Gained mutation: You have hoof-like feet. [demonic ancestry]
  4560 | D:6      | Reached XP level 8. HP: 49/61 MP: 10/10
  4779 | D:5      | Reached **** piety under Lugonu
  5073 | D:6      | Found a staircase to the Ecumenical Temple.
  5194 | D:6      | Reached skill level 7 in Armour
  5344 | D:6      | Reached skill level 5 in Fighting
  5592 | D:6      | Found Zoplil's Gadget Emporium.
  5609 | D:6      | Noticed Sigmund
  5620 | D:6      | Killed Sigmund
  5748 | D:6      | Found a sacrificial altar of Ru.
  5892 | D:7      | Reached skill level 8 in Armour
  5904 | D:7      | Gained mutation: You are frail (-10% HP). [mutagenic meat]
  5905 | D:7      | Gained mutation: Your muscles are strong. (Str +2) [mutagenic meat]
  5982 | D:7      | Reached XP level 9. HP: 61/61 MP: 11/11
  6021 | D:7      | Lost mutation: Your muscles are strong. (Str +2) [mutagenic meat]
  6022 | D:7      | Gained mutation: You tend to lose your temper in combat. [mutagenic meat]
  6313 | D:7      | Found a deep blue altar of Sif Muna.
  6392 | D:7      | Reached skill level 1 in Shields
  6608 | D:7      | Reached skill level 9 in Armour
  6825 | D:8      | Noticed Pikel
  6914 | D:8      | Killed Pikel
  6914 | D:8      | Reached skill level 5 in Axes
  6940 | D:8      | Noticed Erolcha
  6947 | D:8      | Reached ***** piety under Lugonu
  6960 | D:8      | Banished Erolcha
  6960 | D:8      | Reached XP level 10. HP: 27/68 MP: 4/13
  6969 | D:8      | Found a flagged portal.
  6978 | Bailey   | Entered a bailey
  7023 | Bailey   | Noticed SirMumm's ghost (novice GrFi)
  7039 | Bailey   | Banished SirMumm's ghost
  7056 | Bailey   | Noticed an orc knight
  7099 | D:8      | Found a sparkling altar of Nemelex Xobeh.
  7347 | D:8      | Killed an orc knight
  7347 | D:8      | Reached skill level 10 in Armour
  7434 | D:8      | Reached skill level 5 in Invocations
  7614 | D:8      | Found a shadowy altar of Dithmenos.
  7679 | D:8      | Reached skill level 1 in Throwing
  8156 | D:9      | Noticed an elephant
  8159 | D:9      | Reached skill level 1 in Evocations
  8160 | D:9      | Found a staircase to the Lair.
  8196 | D:9      | Killed an elephant
  8434 | D:9      | Found a glowing silver altar of Zin.
  8941 | Lair:1   | Entered Level 1 of the Lair of Beasts
  8941 | Lair:1   | Noticed an oklob plant
  8953 | Lair:1   | Reached skill level 11 in Armour
  9100 | Lair:1   | Gained mutation: You are surrounded by a moderate repulsion field (EV +3). [demonic ancestry]
  9100 | Lair:1   | Reached XP level 11. HP: 44/75 MP: 15/15
  9130 | Lair:1   | Noticed Grum
  9177 | Lair:1   | Killed Grum
  9842 | Lair:1   | Got a translucent buckler
  9853 | Lair:1   | Identified the +2 buckler "Dicretz" {Regen+} (You found it on level 1 of the Lair of Beasts)
 10321 | Lair:2   | Noticed a four-headed hydra
 10329 | Lair:2   | Killed a four-headed hydra
 10362 | Lair:2   | Noticed a fire dragon
 10384 | Lair:2   | Killed from afar by a fire dragon

Action                   |  1- 3 |  4- 6 |  7- 9 | 10-12 || total
-------------------------+-------+-------+-------+-------++-------
Melee: Hand axe          |   130 |   153 |    85 |       ||   368
       War axe           |       |       |   168 |    14 ||   182
       Broad axe         |       |       |       |   245 ||   245
       Flail             |       |       |       |    26 ||    26
Throw: Tomahawk          |       |       |       |     9 ||     9
Invok: Depart the Abyss  |     1 |       |       |       ||     1
       Banish            |       |       |     4 |     3 ||     7
Evoke: Wand              |       |       |       |     4 ||     4
  Use: Potion            |       |     6 |    10 |     1 ||    17
       Scroll            |       |       |    13 |    10 ||    23
  Eat: Chunk             |     1 |     7 |    17 |     8 ||    33
       Meat ration       |       |       |     1 |     1 ||     2
       Fruit             |       |       |       |     9 ||     9
       Beef jerky        |       |       |       |     2 ||     2
